 Dungeon Sprint DCSS version 0.31-a0-542-gdc2a67831c (webtiles) character file.

Game seed: 10012646176667096834

2865 Maratek the Grappler (level 9, -2/153 HPs)
             Began as a Troll Berserker on Aug 14, 2023.
             Was an Elder of Trog.
             Slain by a demonic crawler (15 damage)
             ... in the Dungeon (Sprint I: "Red Sonja").
             The game lasted 00:03:37 (2048 turns).

Maratek the Grappler (Troll Berserker)              Turns: 2048, Time: 00:03:38

Health: -2/153     AC:  4    Str: 31    XL:     9   Next: 47%
Magic:  8/8        EV: 12    Int:  3    God:    Trog [****..]
Gold:   836        SH:  0    Dex:  9    Spells: 8/8 levels left

rFire   . .          .
                       - Unarmed
rCold   . . .        (no shield)
rNeg    . . .        a - +0 animal skin
rPois   .            (helmet restricted)
rElec   .            (no cloak)
rCorr   .            (gloves unavailable)
SInv    .            (boots unavailable)
Will    .....        (no amulet) Stlth
                     (no ring)
HPRegen 1.25/turn    (no ring)
MPRegen 0.11/turn

%: no teleportation
@: berserking (expiring), very quick
A: large, unfitting armour, claws 3, regeneration 1, shaggy fur 1, tough skin 1
a: Renounce Religion, Berserk, Trog's Hand, Brothers in Arms


You were in the Dungeon.
You worshipped Trog.
Trog was greatly pleased with you.
You visited 1 branch You collected 836 gold pieces.

Inventory:

Armour
 a - a +0 animal skin (worn)
Wands
 h - a wand of flame (17)
 j - a wand of acid (6)
Scrolls
 g - a scroll of blinking
 l - a scroll of poison {unknown}
Potions
 b - 3 potions of curing
 c - a potion of heal wounds
 d - a potion of haste
 e - 2 potions of magic
 f - a potion of berserk rage
 i - a potion of enlightenment {unknown}
 k - a potion of experience {unknown}


   Skills:
 + Level 10.4 Fighting
 + Level 10.3 Dodging
 + Level 1.3 Stealth
 + Level 14.4 Unarmed Combat


You had 8 spell levels left.
You didn't know any spells.
Your spell library was empty.

Dungeon Overview and Level Annotations

Branches:
Dungeon (1/1)

Altars:
Cheibriados
Dithmenos
Elyvilon
Fedhas
Gozag
Hepliaklqana
Kikubaaqudgha
Makhleb
Nemelex Xobeh
Okawaru
Qazlal
Ru
Sif Muna
Trog
Uskayaw
Vehumet
Wu Jian
Xom
Yredelemnul
Zin
The Shining One
Jiyva
Lugonu

Shops:
D *([


Innate Abilities, Weirdness & Mutations

You are too large for most types of armour.
You have claws for hands.
Your natural rate of healing is unusually fast.
You are covered in fur. (AC +1)
You have tough skin. (AC +1)


Message History

You open the door. 4 demonic crawlers come into view.
The demonic crawler gives a hideous shriek! x3
The demonic crawler closely misses you.
The demonic crawler completely misses you.
The demonic crawler hits you but does no damage.
A red film seems to cover your vision as you go berserk!
You feel yourself moving faster!
You feel mighty! The demonic crawler hits you. The demonic crawler hits you! x2
You eviscerate the demonic crawler!!!
The demonic crawler is severely wounded.
The demonic crawler hits you but does no damage.
The demonic crawler misses you. The demonic crawler barely misses you.
You barely miss the demonic crawler.
The demonic crawler is severely wounded.
You eviscerate the demonic crawler!!!
You kill the demonic crawler!
Trog accepts your kill.
Your Stealth skill increases to level 1!
Your Unarmed Combat skill increases to level 14!
You claw the demonic crawler!
The demonic crawler is lightly wounded.
The demonic crawler hits you! x4; The demonic crawler barely misses you.
The demonic crawler hits you!
There is an open door, spattered with blood here.
You see here a demonic crawler corpse.
You completely miss the demonic crawler.
The demonic crawler misses you. The demonic crawler hits you!
* * * LOW HITPOINT WARNING * * *
The demonic crawler closely misses you. The demonic crawler hits you!
* * * LOW HITPOINT WARNING * * *
The demonic crawler hits you!
* * * LOW HITPOINT WARNING * * *
The demonic crawler hits you!
* * * LOW HITPOINT WARNING * * *
You scratch the demonic crawler but do no damage.
The demonic crawler barely misses you.
The demonic crawler hits you but does no damage.
The demonic crawler hits you!
You die...

#################
#.)'..#__#..')..#
'..#..'..'..#..s##+#
#####'#__####...@s.#
#...#.####$?#####s.+
#..##.#~§~§c +##
##'#_.+§§§.
.'..._#~§§
##_)#+##'### ###'#
#)...###
###.####'###)##
.'...'÷....'[∩#


You could see 3 demonic crawlers.

Vanquished Creatures
  A demonic crawler (D)
  Sonja (D)
  A deep troll (D)
  2 kobold demonologists (D)
  A slime creature (D)
  Sigmund (D)
  A yak (D)
  A floating eye (D)
  An ogre (D)
  A jelly (D)
  Ijyb (D)
12 creatures vanquished.

Vanquished Creatures (others)
  2 ballistomycete spores (D)
2 creatures vanquished.

Grand Total: 14 creatures vanquished

Notes
Turn   | Place    | Note
-------+----------+-------------------------------------------
     0 | D        | Maratek the Troll Berserker began the quest for the Orb.
     0 | D        | Reached XP level 1. HP: 22/22 MP: 0/0
     2 | D        | Noticed Ijyb
     8 | D        | Killed Ijyb
     9 | D        | Reached skill level 4 in Unarmed Combat
     9 | D        | Reached XP level 2. HP: 17/31 MP: 1/1
    51 | D        | Noticed an ogre
    58 | D        | Killed an ogre
    59 | D        | Reached skill level 5 in Dodging
    59 | D        | Reached skill level 6 in Unarmed Combat
    59 | D        | Reached XP level 3. HP: 26/41 MP: 2/2
    59 | D        | Reached XP level 4. HP: 31/49 MP: 3/3
    99 | D        | Noticed Sigmund
   116 | D        | Killed Sigmund
   116 | D        | Reached ** piety under Trog
   117 | D        | Reached skill level 8 in Unarmed Combat
   117 | D        | Reached XP level 5. HP: 59/59 MP: 4/4
   117 | D        | Reached XP level 6. HP: 67/67 MP: 5/5
   364 | D        | Found an ornate altar of the Wu Jian Council.
   364 | D        | Found a shimmering blue altar of Sif Muna.
   366 | D        | Found a radiant altar of Vehumet.
   403 | D        | Found Woregg's Antique Weapon Emporium.
   403 | D        | Found an ancient bone altar of Kikubaaqudgha.
   403 | D        | Found a hazy altar of Hepliaklqana.
   403 | D        | Found a stormy altar of Qazlal.
   403 | D        | Found a hide-covered altar of Uskayaw.
   403 | D        | Found a blossoming altar of Fedhas.
   403 | D        | Found a bloodstained altar of Trog.
   403 | D        | Found an iron altar of Okawaru.
   403 | D        | Found a basalt altar of Yredelemnul.
   403 | D        | Found a glowing golden altar of the Shining One.
   403 | D        | Found a snail-covered altar of Cheibriados.
   403 | D        | Found a sacrificial altar of Ru.
   403 | D        | Found a glowing silver altar of Zin.
   403 | D        | Found a shadowy altar of Dithmenos.
   403 | D        | Found a white marble altar of Elyvilon.
   403 | D        | Noticed a yak
   407 | D        | Killed a yak
   408 | D        | Reached skill level 9 in Unarmed Combat
   408 | D        | Found an opulent altar of Gozag.
   409 | D        | Found a sparkling altar of Nemelex Xobeh.
   418 | D        | Noticed Sonja
   435 | D        | Killed Sonja
   436 | D        | Reached skill level 11 in Unarmed Combat
   436 | D        | Reached XP level 7. HP: 30/81 MP: 6/6
   593 | D        | Found Kobbump's General Store.
   613 | D        | Noticed a deep troll
   619 | D        | Killed a deep troll
   619 | D        | Reached *** piety under Trog
   620 | D        | Reached skill level 12 in Unarmed Combat
   620 | D        | Reached XP level 8. HP: 77/92 MP: 7/7
   800 | D        | Noticed a centaur warrior
   813 | D        | Found Goudexki's Armour Emporium.
   876 | D        | Found a burning altar of Makhleb.
   876 | D        | Found a viscous altar of Jiyva.
   876 | D        | Found a shimmering altar of Xom.
   876 | D        | Found a corrupted altar of Lugonu.
   876 | D        | Noticed a slime creature
   881 | D        | Killed a slime creature
  1600 | D        | Noticed a kobold demonologist
  1600 | D        | Noticed a kobold demonologist
  1605 | D        | Killed a kobold demonologist
  1605 | D        | Reached **** piety under Trog
  1606 | D        | Reached skill level 13 in Unarmed Combat
  1606 | D        | Reached XP level 9. HP: 101/101 MP: 8/8
  1606 | D        | Noticed a soul eater
  1611 | D        | Noticed a rust devil
  1611 | D        | Killed a kobold demonologist
  1612 | D        | Reached skill level 10 in Fighting
  1612 | D        | Reached skill level 10 in Dodging
  2040 | D        | Noticed a demonic crawler
  2040 | D        | Noticed a demonic crawler
  2040 | D        | Noticed a demonic crawler
  2040 | D        | Noticed a demonic crawler
  2044 | D        | Killed a demonic crawler
  2045 | D        | Reached skill level 1 in Stealth
  2045 | D        | Reached skill level 14 in Unarmed Combat
  2048 | D        | Slain by a demonic crawler

Illustrated notes

Levels and vault maps discovered:
D:        dungeon_sprint_1 [red_sonja_temple_1, red_sonja_temple_small_1]

Skill      XL: |  1  2  3  4  5  6  7  8  9 |
---------------+----------------------------+-----
Fighting       | 3 4 6 8 9 10 | 10.4
Dodging        | 3 5 6 8 9 10 | 10.3
Unarmed Combat | 4 6 8 11 12 13 14 | 14.4
Stealth        | 1 |  1.3

Action                     |  1- 3 |  4- 6 |  7- 9 || total
---------------------------+-------+-------+-------++-------
  Melee: Unarmed           |     8 |    18 |    23 ||    49
         Punch             |     1 |     1 |     1 ||     3
 Invoke: Berserk           |     2 |     2 |     4 ||     8
 Armour: Animal skin       |       |     2 |     3 ||     5
  Dodge: Dodged            |     1 |    19 |    14 ||    34

Table legend: (Time is in decaauts)
 A = Elapsed time spent in this place.
 B = Non-inter-level travel time spent in this place.
 C = Inter-level travel time spent in this place.
 D = Time resting spent in this place.
 E = Time spent auto-exploring this place.
 F = Levels seen in this place.
 G = Mean time per level.
                   A        B        C        D        E       F      G
               +--------+--------+--------+--------+--------+-----+--------+
         Total |   2115 |   2115 |      0 |   1805 |      0 |   1 | 2115.0 |
       Dungeon |   2115 |   2115 |      0 |   1805 |      0 |   1 | 2115.0 |
               +--------+--------+--------+--------+--------+-----+--------+

Top non-repeatable levels by time:
       D: 2115 daAuts
